 Dungeon Crawl Stone Soup version 0.30-a0-1163-gf69bf04e7a (webtiles) character file.

Game seed: 7331720379634296801

70 Barriton the Firebug (level 4, -19/33 HPs)
             Began as a Draconian Fire Elementalist on Apr 28, 2023.
             Demolished by an ogre
             ... wielding a +0 giant spiked club
              (21 damage)
             ... on level 3 of the Dungeon.
             The game lasted 00:05:56 (2714 turns).

Barriton the Firebug (Draconian Fire Elementalist)  Turns: 2714, Time: 00:05:57

Health: -19/33     AC:  5    Str: 10    XL:     4   Next: 3%
Magic:  1/7        EV: 12    Int: 18    God:
Gold:   149        SH:  0    Dex: 11    Spells: 5/8 levels left

rFire   . . .        (no weapon)
rCold   . . .        (no shield)
rNeg    . . .        (body armour unavailable)
rPois   .            (helmet restricted)
rElec   .            (no cloak)
rCorr   .            (no gloves)
SInv    .            (no boots)
Will    .....        (no amulet)
Stlth   ++           (no ring)
HPRegen 0.25/turn    (no ring)
MPRegen 0.10/turn

%: no passive effects
@: no status effects
A: AC +5, unfitting armour, cold-blooded
a: no special abilities


You were on level 3 of the Dungeon.
You visited 1 branch of the dungeon, and saw 3 of its levels.

You collected 149 gold pieces.

Inventory:

Scrolls
 f - 2 scrolls of teleportation
 h - a scroll of identify
Potions
 a - a potion of magic
 b - a potion of heal wounds {unknown}
 c - a potion of attraction {unknown}
 d - 2 potions of might
 e - a potion of brilliance {unknown}
 g - a potion of curing {unknown}


   Skills:
 + Level 1.9 Dodging
 + Level 2.1 Stealth
 + Level 0.8 Unarmed Combat
 + Level 2.6 Spellcasting
 + Level 1.6 Conjurations
 + Level 3.7 Fire Magic


You had 5 spell levels left.
You knew the following spells:

 Your Spells              Type           Power      Damage    Failure   Level
a - Foxfire               Conj/Fire      48%        2x1d6     5%          1
b - Scorch                Fire           30%        2d6       5%          2

Your spell library contained the following spells:

 Spells                   Type           Power      Damage    Failure   Level
 Inner Flame              Hex/Fire       9%         N/A       24%         3
 Volatile Blastmotes      Fire/Tloc      18%        2d11      24%         3
 Call Canine Familiar     Summ           2%         N/A       45%         3
 Portal Projectile        Hex/Tloc       4%         N/A       45%         3
 Flame Wave               Conj/Fire      12%        2d6       50%         4
 Sticky Flame             Conj/Fire      12%        2d4       50%         4
 Leda's Liquefaction      Hex/Erth       1%         N/A       86%         4


Dungeon Overview and Level Annotations

Branches:
Dungeon (3/15)

Altars:

Shops:
D:1 =


Innate Abilities, Weirdness & Mutations

Your plain brown scales are hard. (AC +5)
You cannot fit into any form of body armour.
You are cold-blooded and may be slowed by cold attacks.


Message History

A goblin comes into view. It is wielding a +0 dagger.
You conjure some foxfire!
The foxfire hits the goblin.
You kill the goblin!
The goblin unwields a +0 club.
The goblin wields a +0 sling.
The goblin shoots a sling bullet.
The sling bullet closely misses you.
The foxfire hits the goblin.
You kill the goblin!
The foxfire hits the goblin.
The goblin is moderately wounded.
The goblin shoots a sling bullet.
The sling bullet closely misses you.
The goblin shoots a sling bullet.
The sling bullet hits you but does no damage.
Casting: Foxfire (safe; 5% risk of failure)
Confirm with . or Enter, or press ? or * to list all spells.
Flames lash the ogre.
The ogre is heavily wounded.
The ogre's fire resistance burns away.
The goblin shoots a sling bullet.
The sling bullet closely misses you.
Casting: Scorch (safe; 5% risk of failure)
Confirm with . or Enter, or press ? or * to list all spells.
Flames lash the ogre.
The ogre is burned terribly!
The ogre is heavily wounded.
Casting: Scorch (safe; 5% risk of failure)
Confirm with . or Enter, or press ? or * to list all spells.
You don't have enough magic to cast this spell.
You barely miss the ogre.
Your tail-slap misses the ogre.
The ogre is heavily wounded.
The ogre hits you with a +0 giant spiked club!!
Ouch! That really hurt!
You hit the ogre but do no damage.
The ogre is heavily wounded.
You hit the ogre.
The ogre is severely wounded.
The ogre hits you with a +0 giant spiked club!
* * * LOW HITPOINT WARNING * * *
You hit the ogre but do no damage.
The ogre is severely wounded.
The ogre hits you with a +0 giant spiked club!!
Ouch! That really hurt!
You die...

.# .# ####### .# #.......#
## #.......# ## #.......#
.# #.!.....# .## #.......#
..##### #########.......#
...)..#####.....@Oggg..#
.###........#######g)..#
####.##.....######v...g'.(.
.....######......#.#####.(.
###### ######... ## .## #
.# ###### #. .....# .


You could see an ogre (combustible) and 5 goblins.

Vanquished Creatures
  2 adders
  A worm (D:2)
  A dart slug (D:2)
  5 endoplasms
  6 goblins
  4 hobgoblins
  4 quokkas
  8 bats
  9 kobolds
  3 rats
43 creatures vanquished.

Vanquished Creatures (others)
  160 foxfires
160 creatures vanquished.

Grand Total: 203 creatures vanquished

Notes
Turn   | Place    | Note
-------+----------+-------------------------------------------
     0 | D:1      | Barriton the Draconian Fire Elementalist began the quest
                  | for the Orb.
     0 | D:1      | Reached XP level 1. HP: 14/14 MP: 3/3
    37 | D:1      | Found Todow's Jewellery Emporium.
    74 | D:1      | Reached XP level 2. HP: 6/20 MP: 1/5
  1340 | D:2      | Reached XP level 3. HP: 18/26 MP: 1/6
  2439 | D:3      | Learned a level 2 spell: Scorch
  2599 | D:3      | Reached XP level 4. HP: 33/33 MP: 0/7
  2702 | D:3      | Noticed an ogre
  2714 | D:3      | Demolished by an ogre

Illustrated notes

Levels and vault maps discovered:
D:1:      minmay_arrival_radiant_lines, layout_basic, serial_shops, shop
D:2:      layout_basic
D:3:      layout_rooms, gammafunk_ghost_stat_death, minmay_ogre_servants

Skill      XL: |  1  2 |
---------------+-------+-----
Stealth        | 2 |  2.1
Dodging        | |  1.9
Unarmed Combat | |  0.8
Spellcasting   | |  2.6
Conjurations   | |  1.6
Fire Magic     | |  3.7

Action                     |  1- 3 |  4- 6 || total
---------------------------+-------+-------++-------
  Melee: Unarmed           |    94 |     4 ||    98
         Tailslap          |    14 |       ||    14
   Cast: Foxfire           |    97 |     3 ||   100
         Scorch            |       |     2 ||     2
    Use: Scroll            |     3 |       ||     3
 Armour: Skin              |    61 |     1 ||    62
  Dodge: Dodged            |   110 |     3 ||   113

Table legend: (Time is in decaauts)
 A = Elapsed time spent in this place.
 B = Non-inter-level travel time spent in this place.
 C = Inter-level travel time spent in this place.
 D = Time resting spent in this place.
 E = Time spent auto-exploring this place.
 F = Levels seen in this place.
 G = Mean time per level.
                   A        B        C        D        E       F      G
               +--------+--------+--------+--------+--------+-----+--------+
         Total |   2713 |   2676 |     37 |      0 |   2270 |   3 |  904.3 |
       Dungeon |   2713 |   2676 |     37 |      0 |   2270 |   3 |  904.3 |
               +--------+--------+--------+--------+--------+-----+--------+

Top non-repeatable levels by time:
     D:1: 1317 daAuts
     D:2: 1084 daAuts
     D:3: 311 daAuts
